 Dungeon Crawl Stone Soup version 0.29.0-4-gdea44cf6ec (webtiles) character file.

Game seed: 7329399902307175130

69 qw the Chopper (level 4, 0/26 HPs)
             Began as a Tengu Warper on Aug 28, 2022.
             Succumbed to a scorpion's poison
             ... on level 3 of the Dungeon.
             The game lasted 00:00:12 (2004 turns).

qw the Chopper (Tengu Warper)                       Turns: 2004, Time: 00:00:12

Health: 0/26       AC:  8    Str: 13    XL:     4   Next: 20%
Magic:  8/8        EV:  6    Int: 13    God:
Gold:   165        SH:  0    Dex: 14    Spells: 7/7 levels left

rFire   . . .      SeeInvis .   Y - +1 war axe (elec)
rCold   . . .      Faith    .   (no shield)
rNeg    . . .      Spirit   .   i - +0 chain mail
rPois   +          Reflect  .   (helmet restricted)
rElec   .          Harm     .   (no cloak)
rCorr   .          Rampage  .   (no gloves)
Will    .....                   (boots unavailable)
Stlth   ..........              (no amulet)
HPRegen 0.08/turn               d - ring of poison resistance
MPRegen 0.11/turn               (no ring)

@: lethally poisoned (0 -> -11), about to teleport
A: beak, talons 3
a: no special abilities


You were on level 3 of the Dungeon.
You visited 1 branch of the dungeon, and saw 3 of its levels.

You collected 165 gold pieces.


Innate Abilities, Weirdness & Mutations

You have a beak for a mouth.
You have claws for feet.


   Skills:
 - Level 2.0 Fighting
 + Level 4.8 Axes
 - Level 1.0 Throwing
 - Level 1.1 Armour
 - Level 2.1 Dodging
 - Level 2.0 Spellcasting
 - Level 2.4 Translocations


You had 7 spell levels left.
You didn't know any spells.
Your spell library contained the following spells:

 Spells                   Type           Power      Damage    Failure   Level
 Blink                    Tloc           14%        N/A       99%         2
 Gell's Gravitas          Tloc           7%         N/A       100%        3
 Lesser Beckoning         Tloc           7%         N/A       100%        3
 Teleport Other           Tloc           7%         N/A       100%        3
 Manifold Assault         Tloc           7%         N/A       100%        5

Inventory:

Hand Weapons
 h - a +0 mace
 Y - a +1 war axe of electrocution (weapon)
Armour
 i - a +0 chain mail (worn)
Jewellery
 d - a ring of poison resistance (left hand)
Scrolls
 a - a scroll of teleportation
 f - a scroll of magic mapping {unknown}
 j - a scroll of identify
Potions
 b - a potion of haste
 c - a potion of heal wounds
 e - a potion of cancellation
 g - a potion of mutation {unknown}

Dungeon Overview and Level Annotations

Branches:
Dungeon (3/15)

Altars:
Trog


Message History

Found a long sword.
You see here a +0 long sword.
An adder comes into view.
You barely miss the adder. Your kick misses the adder. The adder bites you.
You slash the adder! You peck the adder.
You kill the adder!
You start resting.
HP restored.
You see here an adder corpse.
A kobold comes into view. It is wielding a +0 short sword.
Found an escape hatch in the floor.
The kobold shouts!
The kobold moves out of view.
A kobold and a scorpion come into view.
The kobold hits you but does no damage.
You completely miss the kobold. You claw the kobold.
You kill the kobold!
You hit the scorpion but do no damage. You claw the scorpion.
The scorpion is lightly wounded.
The scorpion completely misses you.
You barely miss the scorpion.
You claw the scorpion, but do no damage.
The scorpion is lightly wounded.
The scorpion stings you. x2
You closely miss the scorpion. Your kick misses the scorpion.
You peck the scorpion, but do no damage.
The scorpion is lightly wounded.
The scorpion stings you.
You are lethally poisoned!
The scorpion poisons you!
You hit the scorpion but do no damage.
The scorpion is lightly wounded.
You feel very sick. The scorpion stings you.
The scorpion stings you but does no damage.
2004 ||| READING 2 scrolls of teleportation.
As you read the scroll of teleportation, it crumbles to dust.
You feel strangely unstable.
You die...

#####. ...... ...
...... #.# ######
##.# ######.. #..#
..[..... #..#
........ ######..#
..#####. .....>.s##
###...#####.....@.#
...._.....+..##)#.#
###...##### #.#.#
.[#####. #.#.#
........ #.#.#
.#####.# #.#.# .#
#.# #.#.#
.#####.### ####.#.#
.##.)....###.##.#.#


You could see a scorpion.

Vanquished Creatures
  3 adders
  A bat (D:1)
  2 endoplasms (D:1)
  3 giant cockroaches (D:2)
  3 goblins
  3 hobgoblins
  3 jackals (D:2)
  5 quokkas
  4 ball pythons
  3 frilled lizards (D:2)
  5 kobolds
  7 rats
42 creatures vanquished.

Notes
Turn   | Place    | Note
-------+----------+-------------------------------------------
     0 | D:1      | qw the Tengu Warper began the quest for the Orb.
     0 | D:1      | Reached XP level 1. HP: 12/12 MP: 4/4
     0 | D:1      | 0 ||| qw: Version: 0.1-a-89-g26bdef1
     0 | D:1      | 0 ||| qw: Game counter: 3021
     0 | D:1      | 0 ||| qw: Always use a shield: true
     0 | D:1      | 0 ||| qw: God list: Okawaru
     0 | D:1      | 0 ||| qw: Allow faded altars: false
     0 | D:1      | 0 ||| qw: Do Orc after D:15 true
     0 | D:1      | 0 ||| qw: Do second Lair branch before Depths: true
     0 | D:1      | 0 ||| qw: Lair rune preference: random
     0 | D:1      | 0 ||| qw: Plans: Normal
     0 | D:1      | 0 ||| PLANNING D:1-11
   186 | D:1      | 186 ||| SWAPPING to +0 war axe.
   187 | D:1      | 187 ||| DROPPING +0 hand axe.
   406 | D:1      | Reached skill level 3 in Axes
   406 | D:1      | Reached XP level 2. HP: 13/17 MP: 6/6
   757 | D:1      | 757 ||| DROPPING +0 club.
   913 | D:1      | 913 ||| READING 2 scrolls labelled FEADYPNUSS.
   917 | D:1      | 917 ||| READING scroll labelled LIGROOT ANEQ.
   918 | D:1      | 918 ||| READING scroll labelled ROSAELE JOASI.
   919 | D:1      | 919 ||| DROPPING scroll of blinking.
  1118 | D:2      | Reached XP level 3. HP: 21/21 MP: 7/7
  1279 | D:2      | 1279 ||| UPGRADING to +0 chain mail.
  1289 | D:2      | 1289 ||| DROPPING +0 leather armour.
  1290 | D:2      | 1290 ||| DROPPING amulet of faith.
  1291 | D:2      | 1291 ||| UPGRADING to ring of poison resistance.
  1292 | D:2      | 1292 ||| READING 2 scrolls labelled EROAWKE PIUTO.
  1293 | D:2      | 1293 ||| DROPPING scroll of fear.
  1294 | D:2      | 1294 ||| READING 2 scrolls of teleportation.
  1354 | D:2      | Reached skill level 4 in Axes
  1376 | D:2      | 1376 ||| READING scroll of teleportation.
  1521 | D:2      | 1521 ||| READING scroll labelled ITUCRA GEYSOTO.
  1546 | D:2      | 1546 ||| READING 2 scrolls of identify.
  1546 | D:2      | 1546 ||| IDENTIFYING fuming puce potion
  1547 | D:2      | 1547 ||| Stepping randomly (stuck).
  1553 | D:2      | 1553 ||| Stepping randomly (stuck).
  1834 | D:2      | Reached XP level 4. HP: 26/26 MP: 8/8
  1865 | D:2      | 1865 ||| READING scroll labelled XAMAB NIOTAU.
  1866 | D:2      | 1866 ||| READING 3 scrolls of identify.
  1866 | D:2      | 1866 ||| IDENTIFYING ruby potion
  1867 | D:2      | 1867 ||| READING 2 scrolls of identify.
  1867 | D:2      | 1867 ||| IDENTIFYING bubbling blue potion
  1920 | D:3      | Found a bloodstained altar of Trog.
  1995 | D:3      | Noticed a scorpion
  2003 | D:3      | HP: 3/26 [scorpion (5)]
  2004 | D:3      | 2004 ||| READING 2 scrolls of teleportation.
  2004 | D:3      | Succumbed to a scorpion's poison

Levels and vault maps discovered:
D:1:      eino_arrival_water_cross, layout_basic, lemuel_old_faithful
D:2:      layout_basic, serial_co_window_serial, co_window_cross_1,
          co_window_corner_a, co_window_corner_a, co_window_paths_b,
          co_window_paths_a, co_window_2corner, co_window_unsneaky_path_d,
          co_window_broadway_c, glass_columns_a, glass_columns_a
D:3:      layout_loops_ring, grunt_gozag_statues,
          mainiacjoe_overflow_surrounded_room

Skill      XL: |  1  2  3 |
---------------+----------+-----
Axes           | 3 4 |  4.8
Fighting       | |  2.0
Throwing       | |  1.0
Armour         | |  1.1
Dodging        | |  2.1
Spellcasting   | |  2.0
Translocations | |  2.4

Action                   |  1- 3 |  4- 6 || total
-------------------------+-------+-------++-------
Melee: War axe           |    67 |     8 ||    75
       Hand axe          |     3 |       ||     3
       Kick              |    10 |     3 ||    13
       Peck              |     5 |     2 ||     7
Throw: Boomerang         |     7 |       ||     7
  Use: Scroll            |     8 |     4 ||    12
Armor: Leather armour    |     9 |       ||     9
       Chain mail        |    15 |     2 ||    17
Dodge: Dodged            |    21 |     1 ||    22

Table legend:
 A = Non-vault XP
 B = Vault XP
 C = Vault XP percentage of total XP
 D = Non-vault monster count
 E = Vault monster count
 F = Vault count percentage of total count
                 A         B        C        D         E       F
            +---------+---------+-------+---------+---------+-------
      Total |      99 |       0 |   0.0 |      42 |       0 |   0.0
            +---------+---------+-------+---------+---------+-------
        D:1 |      20 |       0 |   0.0 |      14 |       0 |   0.0
        D:2 |      63 |       0 |   0.0 |      25 |       0 |   0.0
        D:3 |      16 |       0 |   0.0 |       3 |       0 |   0.0
            +---------+---------+-------+---------+---------+-------
